Map: [ESL] Oceanborn

Players

Elazer

  • Race: Zerg Zerg
  • Spawn Location: 11:00

MaxPax - Winner!

  • Race: Protoss Protoss
  • Spawn Location: 5:00

Event: ESL SC2 Masters 2024 Spring (Regional)

VOD

Have the link to the VOD?

Description

Time

  • Played on: April 28, 2024, 10:36 a.m.
  • Length: 8:24

All games in this series

Show
View Real Time Build Order
Export as new Build Order

Elazer Zerg 

Build Orders: Hatch First 

Get SALT Encoding   

  12  0:00  Drone  
  13  0:12  Overlord  
  13  0:17  Drone  
  14  0:30  Drone x2  
  16  0:48  Hatchery  
  15  0:51  Drone  
  15  0:55  Drone  
  17  0:58  Drone  
  18  1:09  Extractor  
  17  1:13  Spawning Pool  
  17  1:16  Drone  
  17  1:20  Drone  
  18  1:29  Drone  
  19  1:39  Drone  
  20  1:50  Overlord  
  20  2:00  Queen x2  
  24  2:01  Drone  
  24  2:02  Zergling x2  
  26  2:12  Zergling x2, Metabolic Boost  
  26  2:13  Drone  
  28  2:22  Zergling x2, Drone  
  30  2:32  Drone  
  30  2:33  Drone  
  30  2:36  Queen  
  34  2:44  Overlord, Drone  
  35  2:53  Hatchery  
  35  2:56  Zergling x2  
  35  2:57  Zergling x2  
  36  3:05  Queen  
  38  3:09  Overlord  
  38  3:14  Drone x3  
  39  3:25  Drone x3  
  42  3:29  Queen  
  44  3:34  Drone  
  44  3:35  Drone  
  44  3:38  Drone  
  47  3:45  Queen  
  47  3:46  Overlord  
  47  3:47  Drone x3  
  52  3:58  Spore Crawler x2  
  52  4:00  Drone x2  
  52  4:07  Queen  
  54  4:11  Drone x5  
  54  4:16  Drone x3  
  62  4:18  Drone  
  62  4:22  Drone x3  
  66  4:28  Overlord  
  64  4:33  Drone  
  64  4:45  Drone x2  
  66  4:46  Overlord  
  66  4:47  Drone x4  
  66  4:50  Drone x3  
  66  4:51  Drone  
  74  4:53  Hatchery  
  74  4:54  Overlord  
  74  4:55  Drone  
  74  5:03  Overlord, Lair  
  74  5:06  Extractor  
  73  5:10  Zergling x4  
  73  5:13  Drone x7  
  82  5:14  Drone  
  82  5:15  Drone  
  82  5:22  Drone x5  
  82  5:26  Drone  
  85  5:29  Drone x2  
  85  5:31  Extractor  
  85  5:34  Drone  
  85  5:35  Extractor x3  
  85  5:38  Drone  
  85  5:39  Drone  
  85  5:41  Evolution Chamber  
  83  5:43  Drone x6  
  83  5:49  Overlord  
  89  5:50  Drone x4  
  89  5:52  Overlord  
  93  5:59  Zergling x2  
  93  6:02  Zergling x4  
  93  6:03  Hydralisk Den  
  95  6:05  Overlord, Infestation Pit  
  95  6:10  Zergling x6  
  97  6:11  Spore Crawler  
  97  6:12  Zerg Missile Weapons Level 1  
  97  6:13  Zergling x8  
  100  6:21  Drone x3  
  103  6:27  Drone x6  
  103  6:29  Overseer  
  103  6:32  Muscular Augments  
  109  6:36  Drone  
  109  6:37  Drone x2  
  109  6:39  Drone x4  
  114  6:40  Drone  
  114  6:45  Overlord  
  114  6:46  Drone x3  
  118  6:47  Hive  
  118  6:48  Drone  
  118  6:49  Lurker Den  
  118  6:51  Extractor x2  
  118  6:53  Hydralisk x2  
  118  6:56  Overlord x2  
  118  6:59  Spine Crawler  
  118  7:00  Spine Crawler  
  116  7:01  Hydralisk  
  116  7:04  Hydralisk x4  
  116  7:07  Spine Crawler  
  124  7:08  Hydralisk, Spine Crawler  
  124  7:09  Hydralisk  
  124  7:13  Hydralisk x3  
  124  7:14  Evolution Chamber  
  132  7:20  Hydralisk x2  
  132  7:22  Zergling x2  
  130  7:31  Hydralisk x4  
  130  7:33  Zergling x12  
  109  7:44  Zergling x2  
  109  7:45  Zergling x12  
  109  7:50  Hydralisk x4  
  122  7:56  Hydralisk x2  
Show
View Real Time Build Order
Export as new Build Order

MaxPax Protoss - Winner!

Build Orders: 1 Gate Expand, Oracle Opening, Zealot Archon 

Get SALT Encoding   

  12  0:00  Probe  
  13  0:12  Probe  
  14  0:19  Pylon  
  14  0:24  Probe (Chrono Boost)  
  15  0:38  Probe (Chrono Boost)  
  15  0:39  Gateway  
  16  0:45  Probe (Chrono Boost)  
  16  0:49  Assimilator  
  17  0:52  Probe  
  18  1:05  Probe  
  19  1:17  Probe  
  20  1:26  Nexus  
  20  1:35  Cybernetics Core  
  20  1:38  Probe  
  21  1:44  Assimilator  
  21  1:50  Probe  
  21  1:52  Pylon  
  22  2:02  Probe  
  23  2:08  Adept (Chrono Boost)  
  23  2:14  Probe  
  26  2:22  Stargate  
  26  2:26  Probe (Chrono Boost)  
  26  2:28  Adept (Chrono Boost)  
  29  2:37  Warp Gate  
  29  2:38  Probe (Chrono Boost)  
  31  2:44  Probe (Chrono Boost)  
  31  2:47  Probe (Chrono Boost)  
  33  2:51  Probe (Chrono Boost), Adept  
  33  2:52  Probe (Chrono Boost)  
  36  3:03  Probe  
  36  3:04  Pylon, Probe  
  38  3:08  Oracle (Chrono Boost)  
  41  3:15  Probe  
  41  3:16  Probe  
  41  3:26  Gateway  
  42  3:27  Probe  
  42  3:28  Probe  
  43  3:36  Oracle (Chrono Boost)  
  43  3:39  Probe  
  43  3:40  Probe  
  48  3:48  Nexus  
  48  3:51  Pylon  
  48  3:53  Probe  
  48  3:54  Probe  
  50  4:03  Assimilator  
  50  4:05  Assimilator, Probe  
  50  4:06  Probe  
  50  4:09  Oracle  
  55  4:17  Probe  
  55  4:18  Probe  
  55  4:22  Pylon  
  57  4:29  Probe  
  57  4:30  Probe  
  59  4:40  Twilight Council  
  59  4:41  Forge, Probe  
  59  4:42  Probe  
  59  4:44  Adept x2  
  65  4:53  Probe (Chrono Boost)  
  65  4:54  Probe (Chrono Boost)  
  65  4:56  Gateway  
  65  4:58  Gateway  
  67  5:00  Probe (Chrono Boost)  
  67  5:06  Probe x2 (Chrono Boost)  
  70  5:12  Probe (Chrono Boost)  
  70  5:14  Probe x2 (Chrono Boost)  
  73  5:16  Probe (Chrono Boost)  
  73  5:19  Probe  
  73  5:20  Probe  
  73  5:21  Charge (Chrono Boost)  
  74  5:23  Protoss Ground Weapons Level 1 (Chrono Boost)  
  74  5:26  Probe  
  73  5:32  Probe  
  73  5:33  Robotics Facility, Probe  
  73  5:36  Gateway  
  73  5:37  Gateway  
  73  5:38  Pylon  
  73  5:39  Probe  
  74  5:44  Probe, Gateway  
  74  5:46  Assimilator  
  74  5:47  Assimilator, Probe  
  76  5:50  Stalker x2, Gateway  
  76  5:51  Pylon  
  76  5:54  Zealot  
  76  5:56  Templar Archives  
  82  5:57  Probe  
  82  5:59  Zealot  
  82  6:00  Probe  
  87  6:07  Gateway  
  87  6:08  Gateway  
  86  6:12  Pylon  
  86  6:15  Shield Battery  
  86  6:18  Zealot x2, Sentry, Warp Prism (Chrono Boost)  
  94  6:29  Zealot  
  96  6:37  High Templar x2  
  100  6:41  Archon  
  100  6:43  High Templar x2  
  100  6:44  Zealot x2  
  100  6:45  Probe  
  108  6:50  Pylon, Archon  
  108  6:58  Observer  
  108  7:05  Pylon  
  108  7:06  Pylon  
  109  7:09  Zealot  
  109  7:11  Zealot  
  109  7:14  Zealot x3  
  117  7:26  Zealot x5  
  117  7:27  Robotics Bay  
  123  7:33  Immortal (Chrono Boost)  
  122  7:42  Zealot x2  
  122  7:43  Zealot x3  
  126  7:47  Nexus  
  120  7:51  Zealot x5  
  118  8:04  Zealot x5  
  110  8:15  Zealot x5  
Tags
 
Add a new tag
Caveats
  • Supply blocks, unpowered buildings, or Contaminate may cause inaccurate times.
  • Supply counts are checked every 10 seconds.